 Dungeon Crawl Stone Soup version 0.18-a0-9-gd4dcb6f (webtiles) character file.

567067 phazedk the Pyromancer (level 27, -9/206 HPs)
             Began as a Human Wizard on Sept 11, 2015.
             Was the Champion of Vehumet.
             Mangled by a vault warden
             ... wielding a +0 glaive
              (26 damage)
             ... on level 5 of the Vaults on Nov 1, 2015.
             The game lasted 08:47:04 (104515 turns).

phazedk the Pyromancer (Human Wizard)             Turns: 104515, Time: 08:47:04

Health: -9/206     AC: 16    Str: 10    XL:     27
Magic:  4/49       EV: 20    Int: 34    God:    Vehumet [******]
Gold:   5921       SH:  5    Dex: 13    Spells: 14 memorised, 8 levels left

rFire  + . .     SeeInvis +     b - staff of fire
rCold  . . .     Clarity  .     D - +4 robe of Night {+Inv MR+ SInv Stlth+}
rNeg   + . .     SustAt   .     N - +0 buckler {AC+3}
rPois  +         Gourm    .     U - +2 helmet
rElec  .         Spirit   .     h - +2 cloak
rCorr  .         Warding  .     O - +0 pair of gloves
rMut   +         Stasis   .     (no boots)
MR     ++++.                    j - amulet of resist mutation
Stlth  ++++......               g - ring of protection from magic
                                J - ring of Kikubaaqudgha's Pride {rPois rN+ Int+6 Stlth+}

@: about to teleport, incredibly resistant to hostile enchantments, stealthy
A: no striking features
a: Renounce Religion, Evoke Invisibility
}: 3/15 runes: barnacled, slimy, gossamer


You were on level 5 of the Vaults.
You worshipped Vehumet.
Vehumet was exalted by your worship.
You were not hungry.

You visited 10 branches of the dungeon, and saw 55 of its levels.
You visited the Abyss 1 time.
You visited 1 bazaar.
You also visited: Labyrinth and Ice Cave.

You collected 7649 gold pieces.
You spent 1728 gold pieces at shops.

Inventory:

Hand Weapons
 a - the +7 lajatang of Order {silver, rMut}
   (You found it on level 7 of the Dungeon)

   It protects you from mutation.
 o - the +3 dire flail of Baaff {speed, rN+ Dex+4}
   (You found it on level 6 of the Pits of Slime)

   Attacks with this weapon are significantly faster.
   It affects your dexterity (+4).
   It protects you from negative energy.
 M - the +11 falchion "Xuinuc" {venom, rPois rF- rC++ MP+9}
   (You found it on level 6 of the Pits of Slime)

   It poisons the flesh of those it strikes.
   It makes you vulnerable to fire.
   It greatly protects you from cold.
   It protects you from poison.
   It affects your magic capacity (+9).
Missiles
 Y - 4 tomahawks of dispersal (quivered)
Armour
 h - a +2 cloak (worn)
 D - the +4 robe of Night (worn) {+Inv MR+ SInv Stlth+}
   (You found it on level 6 of the Pits of Slime)

   It affects your resistance to hostile enchantments.
   It lets you see invisible.
   It lets you turn invisible.
   It makes you more stealthy.
 N - a +0 buckler of protection (worn)
 O - a +0 pair of gloves (worn)
 U - a +2 helmet (worn)
 X - a +2 robe of resistance
Magical Staves
 b - an uncursed staff of fire (weapon)
 u - an uncursed staff of wizardry
Jewellery
 g - a ring of protection from magic (right hand)
 j - an amulet of resist mutation (around neck)
 m - an uncursed ring of teleportation
 A - an uncursed ring of protection from cold
 J - the ring of Kikubaaqudgha's Pride (left hand) {rPois rN+ Int+6 Stlth+}
   (You found it on level 14 of the Dungeon)

   [ring of intelligence]

   It affects your intelligence (+6).
   It protects you from poison.
   It protects you from negative energy.
   It makes you more stealthy.
 L - an uncursed ring of protection from fire
 P - an uncursed ring of sustain attributes
 T - an uncursed amulet of resist corrosion
 V - an uncursed amulet of the gourmand
Wands
 k - a wand of teleportation (5)
 K - a wand of digging (6)
Scrolls
 c - 2 scrolls of blinking
 i - 4 scrolls of teleportation
 p - 3 scrolls of holy word
 s - 13 scrolls of identify
 v - 2 scrolls of silence
 B - 20 scrolls of remove curse
 E - 4 scrolls of fog
 F - 7 scrolls of recharging
 G - 7 scrolls of fear
 H - a scroll of amnesia
 I - 11 scrolls of magic mapping
Potions
 e - 5 potions of heal wounds
 l - 2 potions of invisibility
 n - 7 potions of might
 q - 13 potions of curing
 r - 3 potions of cancellation
 t - 3 potions of resistance
 w - 3 potions of flight
 x - 3 potions of agility
 S - 5 potions of haste
 Z - a potion of brilliance
Comestibles
 d - 18 bread rations
 f - 15 meat rations
 C - a royal jelly


   Skills:
 + Level 14.6 Fighting
 + Level 14.8 Dodging
 - Level 2.0 Stealth
 - Level 4.2 Shields
 - Level 22.0 Spellcasting
 - Level 22.0 Conjurations
 + Level 7.5 Charms
 - Level 1.0 Summonings
 - Level 1.0 Translocations
 - Level 22.2 Fire Magic


You had 8 spell levels left.
You knew the following spells:

 Your Spells              Type           Power        Failure   Level  Hunger
a - Magic Dart            Conj           ####         0%          1    None
b - Call Imp              Summ           #####...     1%          2    None
c - Repel Missiles        Chrm/Air       ######       1%          2    None
d - Mephitic Cloud        Conj/Pois/Air  ######..     1%          3    None
e - Conjure Flame         Conj/Fire      ########     0%          3    None
f - Blink                 Tloc           N/A          1%          2    None
g - Throw Flame           Conj/Fire      ######       0%          2    None
h - Fireball              Conj/Fire      ########..   0%          5    None
i - Bolt of Fire          Conj/Fire      ########..   1%          6    None
j - Iron Shot             Conj/Erth      #######...   1%          6    None
k - Fire Storm            Conj/Fire      ########..   3%          9    #####..
l - Lehudib's Crystal Sp  Conj/Erth      #######...   19%         8    ###....
m - Orb of Destruction    Conj           ########..   1%          7    None
n - Haste                 Chrm           ######..     6%          6    None


Dungeon Overview and Level Annotations

Branches:
Dungeon (15/15)            Temple (1/1) D:4            Lair (8/8) D:9
 Shoals (4/4) Lair:6       Spider (4/4) Lair:5        Slime (6/6) Lair:8
    Orc (4/4) D:11            Elf (3/3) Orc:4        Vaults (5/5) D:13
  Crypt (0/3) Vaults:2     Depths (5/5) D:15            Zot (0/5) Depths:5

Altars:
Ashenzari
Cheibriados
Dithmenos
Elyvilon
Fedhas
Gozag
Kikubaaqudgha
Makhleb
Nemelex Xobeh
Okawaru
Qazlal
Ru
Trog
Vehumet
Xom
Yredelemnul
Zin
The Shining One
Beogh
Jiyva

Shops:
D:4 *   D:6 %   Orc:1 (%*   Orc:3 ?   Orc:4 =?*[(   Elf:1 :   Elf:2 (
Shoals:4 %   Depths:1 !   Depths:2 (   Depths:4 !

Portals:
Hell: Depths:1 Depths:2 Depths:3 Depths:4 Depths:5
Abyss: Depths:2 Depths:3 Depths:4 Depths:5
Pandemonium: Depths:3 Depths:5
Ziggurat: Depths:4

Annotations:
D:2 Sigmund
D:5 Oper80's ghost, novice MfBe
Lair:7 exclusion: downstairs
Shoals:2 exclusion: downstairs
Shoals:3 Ordine's ghost, adept OgHu
Vaults:5 armaa's ghost, veteran GrFi


Message History

* * * LOW HITPOINT WARNING * * *
The vault warden closely misses you.
You hear a shout!
You finish eating.
That royal jelly was delicious!
Drink which item? (? for menu, Esc to quit)
You feel magically purged. The shadow wraith barely misses you.
The quicksilver dragon barely misses you.
The quicksilver dragon closely misses you.
Read which item? (? for menu, Esc to quit)
As you read the scroll of teleportation, it crumbles to dust.
You feel strangely unstable. The quicksilver dragon bites you!
* * * LOW HITPOINT WARNING * * *
The quicksilver dragon claws you.
* * * LOW HITPOINT WARNING * * *
The shadow wraith hits you!
* * * LOW HITPOINT WARNING * * *
The vault warden hits you with a great mace.
* * * LOW HITPOINT WARNING * * *
The vault warden hits you from afar with a glaive!!
You die... #..# #..# #.o# #..# #..# ....#D@# ...#pW# # #De#pp#

.. #..#.W#
...#..#p.#
.........#
#############....#
.........p.......#
...........D.....#


You could see an ironheart preserver, a quicksilver dragon, 3 vault wardens, a
shadow wraith (invisible), an orc warrior and armaa's ghost.

Vanquished Creatures
  the royal jelly (Slime:6)
  Dissolution (Slime:2)
  Mara (Vaults:4)
  Mennas (Vaults:4)
  3 golden dragons
  3 liches
  Jorgrun (Vaults:4)
  2 tentacled monstrosities (Vaults:4)
  Rupert (Lair:6)
  Asterion (Spider:3)
  A quicksilver dragon (Vaults:5)
  4 deep elf blademasters
  3 deep elf master archers (Elf:3)
  A titan (Depths:5)
  29 acid blobs
  A kraken (Shoals:3)
  Agnes (Spider:3)
  7 tengu reavers
  3 sphinxes
  2 shadow dragons
  2 storm dragons
  15 azure jellies
  Ilsuiw (Shoals:4)
  6 ghost moths
  6 vault wardens
  Maud (D:12)
  13 fire giants
  9 deep elf sorcerers (Elf:3)
  3 orc warlords
  Louise (Depths:3)
  2 iron dragons (Depths:4)
  2 draconian zealots (Depths:5)
  A cacodemon (Depths:3)
  6 frost giants
  The ghost of vible the Severer, a journeyman DDFi of Makhleb (Orc:4)
  3 emperor scorpions (Spider:4)
  The ghost of Enroth the Severer, a journeyman HOFi of Beogh (Spider:1)
  7 ironheart preservers
  6 very ugly things
  17 stone giants
  2 vampire knights
  A black draconian (Depths:5)
  8 deep elf demonologists
  10 deep elf annihilators (Elf:3)
  Azrael (D:12)
  2 white draconians (Depths:5)
  2 mottled draconians (Depths:5)
  A yellow draconian (Depths:5)
  4 merfolk javelineers
  8 deep elf death magi
  2 crystal guardians (Vaults:3)
  17 merfolk impalers
  16 great orbs of eyes
  6 ettins
  29 vault guards
  5 death oozes
  8 deep elf high priests
  11 fire dragons
  A minotaur (Lab)
  8 rakshasas
  8 yaktaur captains
  8 entropy weavers
  2 spriggan air magi
  11 centaur warriors
  14 ogre magi
  A catoblepas (Lair:8)
  12 ice dragons
  12 hydras
  4 satyrs
  10 merfolk avatars
  11 merfolk aquamancers
  An alligator snapping turtle (Shoals:4)
  18 dancing weapons
  5 tengu warriors
  14 death yaks
  A queen ant (Spider:1)
  7 deep troll earth magi
  An orc high priest (Elf:1)
  6 deep troll shamans
  3 spriggan berserkers
  A shock serpent (shapeshifter) (Vaults:3)
  23 deep elf knights
  A soul eater (Depths:2)
  A fire crab (shapeshifter) (Vaults:1)
  A wretched star (Abyss:1)
  A sun demon (Depths:3)
  A fire crab (Vaults:1)
  7 iron trolls
  12 hell knights
  12 skeletal warriors
  3 flayed ghosts
  A sea snake (shapeshifter) (Vaults:3)
  23 deep trolls
  A kraken simulacrum (Shoals:4)
  A gelid demonspawn (Depths:3)
  5 shadow wraiths
  An unseen horror (shapeshifter) (Depths:2)
  18 sea snakes
  5 unseen horrors
  5 hill giants
  A giant orange brain (shapeshifter) (Vaults:4)
  A lindwurm (shapeshifter) (Vaults:2)
  3 ice devils (IceCv)
  2 ice statues (IceCv)
  6 giant orange brains
  13 orc knights
  5 wizards
  11 orb spiders
  7 deep elf summoners
  A lindwurm (Lair:8)
  28 wolf spiders
  A mana viper (shapeshifter) (Depths:3)
  6 necromancers
  A salamander (shapeshifter) (Depths:5)
  13 ironbrand convokers
  38 harpies
  15 orc sorcerers
  A frost giant zombie (Vaults:4)
  14 deep elf conjurers
  12 manticores
  10 fauns
  29 griffons
  9 water nymphs
  2 wolf spiders (shapeshifter)
  A sphinx skeleton (Vaults:2)
  9 hornets
  A tengu skeleton (Vaults:2)
  5 phantasmal warriors
  19 cyclopes
  2 black mambas (shapeshifter) (Vaults:1)
  A hornet (shapeshifter) (Depths:1)
  7 elephants (Lair:8)
  3 oklob plants (Lair:3)
  52 ugly things
  10 black mambas
  3 moths of wrath
  10 shining eyes
  7 sirens
  A guardian serpent (shapeshifter) (Depths:5)
  A frost giant skeleton (Vaults:4)
  3 torpor snails
  3 centaur skeletons
  4 eyes of devastation
  21 vault sentinels
  5 gargoyles
  16 spiny frogs
  A torpor snail (shapeshifter) (Depths:1)
  24 yaktaurs
  2 komodo dragons (shapeshifter)
  An efreet (D:14)
  A fire drake (shapeshifter) (Elf:3)
  8 komodo dragons
  2 yaktaurs (shapeshifter)
  2 kobold demonologists (Vaults:3)
  12 demonic crawlers
  6 tengu conjurers
  A hellwing (Depths:3)
  7 freezing wraiths
  2 fire drakes
  A queen bee (shapeshifter) (Depths:4)
  3 yaktaur skeletons (Vaults:2)
  9 trolls
  2 jumping spiders (shapeshifter)
  13 polar bears
  2 raiju (Lair:8)
  A troll (shapeshifter) (Depths:4)
  8 blue devils (IceCv)
  8 blink frogs
  42 jumping spiders
  A queen bee (Lair:1)
  14 deep elf priests
  45 merfolk
  4 wind drakes
  28 two-headed ogres
  8 large abominations (Depths:5)
  151 slime creatures
  5 boulder beetles
  A raiju (shapeshifter) (Depths:5)
  27 trapdoor spiders
  A fire giant simulacrum (Vaults:2)
  57 redbacks
  6 air elementals
  12 snapping turtles
  23 water elementals
  A stone giant simulacrum (Vaults:2)
  3 spriggans (Depths:4)
  A spriggan (shapeshifter) (Vaults:4)
  A shadow (D:13)
  51 deep elf magi
  A wraith (Vaults:1)
  55 yaks
  2 wyverns (Lair:5)
  4 hogs
  An elf zombie (Vaults:4)
  28 tarantellas
  11 vampire mosquitoes
  3 fire elementals (D:12)
  21 humans (D:13)
  A human (shapeshifter) (Depths:2)
  3 chaos spawn
  A steam dragon (Lair:4)
  A hungry ghost (D:10)
  A basilisk (D:13)
  2 golden eyes (Slime:6)
  15 hippogriffs
  A mottled dragon (Vaults:1)
  23 soldier ants
  Edmund (D:5)
  12 wargs
  6 hell hounds
  31 wolves
  39 deep elf fighters
  12 porcupines
  A spider (shapeshifter) (Depths:2)
  34 spiders
  3 ice beasts
  3 phantoms
  16 water moccasins
  55 orc warriors
  3 eyes of draining
  17 black bears
  5 wasps
  2 sky beasts
  8 boggarts
  A crocodile (shapeshifter) (Depths:5)
  A necrophage (D:9)
  2 elf skeletons (Vaults:2)
  An orc skeleton (Vaults:2)
  54 ogres
  17 centaurs
  An elf simulacrum (Vaults:1)
  18 giant frogs
  18 crocodiles
  3 small abominations (Depths:5)
  A big kobold (shapeshifter) (Vaults:4)
  A brain worm (D:15)
  2 earth elementals (Depths:3)
  5 big kobolds
  3 wyvern skeletons
  6 human skeletons (Vaults:2)
  7 scorpions
  25 killer bees (Lair:1)
  3 electric eels
  18 hounds
  12 crimson imps
  A giant frog zombie (D:5)
  23 jellies
  4 giant frog skeletons
  40 orc wizards
  32 orc priests
  Natasha (thrice) (D:4)
  13 iguanas
  32 worker ants
  46 sheep
  2 killer bee zombies
  A hound zombie (D:6)
  A hound skeleton (D:6)
  A worker ant zombie (D:8)
  12 adders
  3 gnolls (D:7)
  89 river rats
  A shadow imp (D:5)
  5 white imps (IceCv)
  6 ufetubi (IceCv)
  A giant eyeball (Slime:4)
  18 oozes (Lair:4)
  3 worms
  3 adder skeletons
  9 giant geckos
  303 orcs
  10 giant cockroaches
  5 hobgoblins
  10 jackals
  20 kobolds
  7 quokkas
  9 bats
  A giant gecko zombie (D:8)
  5 giant newts
  8 goblins
  A jackal skeleton (D:6)
  A quokka skeleton (D:7)
  10 rats
  8 crawling corpses (Elf:3)
  A fungus (Lair:4)
  12 plants
  2 tentacles
  A tentacle segment (Shoals:3)
2979 creatures vanquished.

Vanquished Creatures (collateral kills)
  4 acid blobs (Slime:6)
  A titan (Vaults:5)
  Kirke (Shoals:4)
  A frost giant (Vaults:4)
  2 vault wardens (Vaults:5)
  An ironheart preserver (Vaults:4)
  A very ugly thing (Depths:2)
  A stone giant (Vaults:4)
  A black draconian (Depths:5)
  A yaktaur captain (Vaults:5)
  A hornet (Spider:4)
  A polar bear (Lair:8)
  6 slime creatures
  A snapping turtle (Shoals:4)
  A trapdoor spider (Spider:4)
  A vampire mosquito (Vaults:2)
  A warg (Vaults:4)
  A deep elf fighter (Elf:3)
  3 hell hounds (Lair:8)
  An ogre (Vaults:3)
  A boggart (Vaults:2)
  An orc wizard (Vaults:4)
  Ijyb (D:2)
  A jelly (Slime:4)
  A hound zombie (D:6)
  2 adders
  An ooze (D:1)
  3 orcs (Vaults:4)
  A ball python (D:4)
  A bat (D:3)
  3 jackals (D:3)
  A giant newt (D:4)
  A crawling corpse (Elf:3)
49 creatures vanquished.

Vanquished Creatures (others)
  A tarantella (Spider:2)
  A human (Shoals:4)
  A warg (Lair:8)
  A scorpion (D:12)
  2 white imps (IceCv)
  4 ufetubi (IceCv)
  A bush (Lair:8)
  240 fire vortices
  71 fungi
  96 plants
  18 tentacles
  383 tentacle segments
819 creatures vanquished.

Grand Total: 3847 creatures vanquished

Notes
Turn   | Place    | Note
--------------------------------------------------------------
     0 | D:1      | phazedk the Human Wizard began the quest for the Orb.
     0 | D:1      | Reached XP level 1. HP: 13/13 MP: 4/4
   236 | D:1      | Found a shattered altar of Ashenzari.
   264 | D:1      | Reached XP level 2. HP: 19/19 MP: 3/6
   268 | D:1      | Learned a level 2 spell: Call Imp
   271 | D:1      | Learned a level 2 spell: Repel Missiles
   983 | D:1      | Reached XP level 3. HP: 24/24 MP: 5/7
   988 | D:1      | Learned a level 3 spell: Mephitic Cloud
  1203 | D:2      | Found a faded altar to an unknown god.
  1464 | D:2      | Noticed Ijyb
  1476 | D:2      | Killed Ijyb
  1476 | D:2      | Reached XP level 4. HP: 30/30 MP: 1/9
  1923 | D:2      | Noticed Sigmund
  2836 | D:3      | Reached skill level 4 in Spellcasting
  3132 | D:3      | Learned a level 3 spell: Conjure Flame
  3154 | D:3      | Reached XP level 5. HP: 32/35 MP: 6/11
  3155 | D:3      | Found an iron altar of Okawaru.
  3431 | D:3      | Upgraded the game from 0.17-a0-1802-g9847487 to 0.17-a0-2198-g482c6e3
  4359 | D:3      | Learned a level 2 spell: Blink
  4443 | D:4      | Reached XP level 6. HP: 41/41 MP: 7/12
  4671 | D:4      | Found a shadowy altar of Dithmenos.
  4671 | D:4      | Noticed a phantom
  5141 | D:4      | Noticed an ogre
  5362 | D:4      | Reached skill level 5 in Spellcasting
  5562 | D:4      | Killed an ogre
  5562 | D:4      | Reached XP level 7. HP: 46/46 MP: 10/14
  5645 | D:4      | Found Reshromeo's Assorted Antiques.
  5652 | D:4      | Bought a grey potion for 22 gold pieces
  5652 | D:4      | Bought a murky cyan potion for 22 gold pieces
  5652 | D:4      | Bought a bubbling dark potion for 22 gold pieces
  5654 | D:4      | Noticed Natasha
  5667 | D:4      | Killed Natasha
  5956 | D:4      | Reached skill level 5 in Conjurations
  6130 | D:4      | Found a staircase to the Ecumenical Temple.
  6137 | Temple   | Entered the Ecumenical Temple
  6150 | Temple   | Became a worshipper of Vehumet
  6366 | D:4      | Noticed Natasha
  6372 | D:4      | Killed Natasha
  6423 | D:4      | Noticed Natasha
  6423 | D:4      | Killed Natasha
  6474 | D:5      | Entered Level 5 of the Dungeon
  6496 | D:5      | Noticed Edmund
  6564 | D:5      | Killed Edmund
  6564 | D:5      | Reached skill level 6 in Spellcasting
  6729 | D:5      | Reached XP level 8. HP: 52/52 MP: 13/17
  6757 | D:5      | Noticed Oper80's ghost (novice MfBe)
  7144 | D:5      | Found a sacrificial altar of Ru.
  7456 | D:6      | Found Jarigeq's Food Emporium.
  7514 | D:6      | Found a bloodstained altar of Trog.
  8005 | D:6      | Reached skill level 7 in Spellcasting
  8187 | D:6      | Reached * piety under Vehumet
  8187 | D:6      | Offered knowledge of Sandblast by Vehumet.
  8475 | D:7      | Found a blossoming altar of Fedhas.
  8650 | D:7      | Reached XP level 9. HP: 57/57 MP: 9/20
  9318 | D:7      | Found a shimmering altar of Xom.
  9503 | D:8      | Reached skill level 8 in Conjurations
 10389 | D:8      | Offered knowledge of Freeze by Vehumet.
 10453 | D:8      | Reached ** piety under Vehumet
 10453 | D:8      | Reached skill level 1 in Fire Magic
 11072 | D:9      | Reached skill level 9 in Conjurations
 11243 | D:9      | Reached XP level 10. HP: 63/63 MP: 15/22
 11390 | D:9      | Learned a level 2 spell: Throw Flame
 11735 | D:9      | Offered knowledge of Ignite Poison by Vehumet.
 12350 | D:9      | Reached skill level 5 in Fire Magic
 12619 | D:9      | Identified a scroll of acquirement
 12620 | D:9      | Identified the Grimoire of Damage Dealing (You acquired it on level 9 of the Dungeon)
 12621 | D:9      | Upgraded the game from 0.17-a0-2198-g482c6e3 to 0.17-a0-2211-gbb7320e
 12627 | D:9      | Learned a level 5 spell: Fireball
 12731 | D:10     | Entered Level 10 of the Dungeon
 12909 | D:10     | Noticed a hill giant
 12923 | D:10     | Killed a hill giant
 13267 | D:10     | Reached *** piety under Vehumet
 13908 | D:11     | Killed an unseen horror
 13908 | D:11     | Reached skill level 10 in Conjurations
 13908 | D:11     | Reached XP level 11. HP: 50/68 MP: 4/24
 13935 | D:11     | Found a frozen archway.
 14056 | IceCv    | Entered an ice cave
 14072 | IceCv    | Offered knowledge of Airstrike by Vehumet.
 14087 | IceCv    | Learned a level 6 spell: Bolt of Fire
 14168 | IceCv    | Noticed an ice statue
 14168 | IceCv    | Noticed an ice statue
 14337 | IceCv    | Killed an ice statue
 14484 | IceCv    | Killed an ice statue
 14968 | IceCv    | Reached skill level 10 in Spellcasting
 15028 | IceCv    | Noticed an ice devil
 15031 | IceCv    | Killed an ice devil
 15036 | IceCv    | Noticed an ice devil
 15147 | IceCv    | Killed an ice devil
 15249 | IceCv    | Noticed an ice devil
 15254 | IceCv    | Killed an ice devil
 15254 | IceCv    | Reached **** piety under Vehumet
 15496 | D:11     | Killed an unseen horror
 15797 | D:11     | Offered knowledge of Dazzling Spray by Vehumet.
 15803 | D:11     | Found a staircase to the Orcish Mines.
 15821 | D:11     | Reached XP level 12. HP: 74/74 MP: 8/26
 16062 | D:11     | Reached skill level 11 in Conjurations
 16489 | D:12     | Reached skill level 10 in Fire Magic
 16589 | D:12     | Noticed a five-headed hydra
 16589 | D:12     | Paralysed by a wasp for 1 turns
 16675 | Orc:1    | Entered Level 1 of the Orcish Mines
 16712 | Orc:1    | Found Itevaquk's Assorted Antiques.
 16741 | Orc:1    | Reached ***** piety under Vehumet
 16800 | Orc:1    | Found Eblahex's Antique Weapon Emporium.
 16811 | Orc:1    | Found Maculeh's Food Boutique.
 16946 | Orc:2    | Offered knowledge of Venom Bolt by Vehumet.
 17877 | Orc:3    | Found Kig Asua's Magic Scroll Shop.
 18569 | Orc:3    | Noticed an orc warlord
 19416 | Orc:3    | Killed an orc warlord
 19758 | Orc:2    | Noticed a soul eater
 19793 | Orc:3    | Offered knowledge of Poison Arrow by Vehumet.
 20007 | Orc:2    | Found a bloodstained altar of Trog.
 20535 | D:9      | Got a creamy pearl robe
 20547 | D:9      | Identified the +1 robe of the Onion {-Tele rC++ Str+4} (You took it off an orc on level 9 of the Dungeon)
 21045 | D:11     | Reached XP level 13. HP: 70/79 MP: 4/28
 21162 | D:12     | Noticed Maud
 21175 | D:12     | Killed Maud
 21178 | D:12     | Noticed Azrael
 21525 | D:9      | Reached skill level 12 in Fire Magic
 21613 | D:9      | Noticed a troll
 21616 | D:9      | Killed a troll
 21625 | D:9      | Found a staircase to the Lair.
 21659 | Lair:1   | Entered Level 1 of the Lair of Beasts
 21676 | Lair:1   | Found a labyrinth entrance.
 21684 | Lab      | Entered a labyrinth
 21829 | Lab      | Noticed a minotaur
 21831 | Lab      | Killed a minotaur
 21842 | Lab      | Identified a -1 rod of the swarm (5/10) (You took it off a minotaur in a labyrinth)
 21866 | Lab      | Got a bronze chain mail
 21866 | Lab      | Got a jewelled leather armour
 21878 | Lab      | Identified the +3 chain mail "Eteskay" {rF+} (You found it in a labyrinth)
 21895 | Lab      | Identified the +2 leather armour "Zarusch" {rC+ MP-9 Int+4 Dex+4} (You found it in a labyrinth)
 22822 | Lair:1   | Reached skill level 1 in Fighting
 23535 | Lair:1   | Offered knowledge of Iron Shot by Vehumet.
 23543 | Lair:1   | Learned a level 6 spell: Iron Shot
 25138 | Lair:3   | Reached skill level 5 in Dodging
 25679 | Lair:3   | Reached skill level 5 in Fighting
 25875 | Lair:4   | Reached XP level 14. HP: 98/98 MP: 18/30
 26638 | Lair:4   | Offered knowledge of Bolt of Draining by Vehumet.
 28162 | Lair:5   | Found a hole to the Spider Nest.
 28923 | Lair:6   | Noticed Rupert
 28923 | Lair:6   | Paralysed by Rupert for 5 turns
 28929 | Lair:6   | Paralysed by Rupert for 3 turns
 29052 | Lair:6   | Paralysed by Rupert for 5 turns
 29059 | Lair:6   | Paralysed by Rupert for 2 turns
 29194 | Lair:6   | Offered knowledge of Conjure Ball Lightning by Vehumet.
 29204 | Lair:6   | Found a staircase to the Shoals.
 29322 | Lair:6   | Paralysed by Rupert for 7 turns
 29333 | Lair:6   | Killed Rupert
 30530 | Lair:8   | Entered Level 8 of the Lair of Beasts
 30530 | Lair:8   | Found a viscous altar of Jiyva.
 30530 | Lair:8   | Found a staircase to the Slime Pits.
 30912 | Lair:8   | Reached XP level 15. HP: 59/110 MP: 12/31
 31625 | Lair:8   | Reached skill level 13 in Spellcasting
 33029 | Lair:8   | Offered knowledge of Poisonous Cloud by Vehumet.
 35274 | Lair:8   | Upgraded the game from 0.17-a0-2211-gbb7320e to 0.17-a0-2217-ga280b8d
 35294 | Lair:7   | Reached XP level 16. HP: 117/117 MP: 9/33
 35511 | Lair:2   | Offered knowledge of Freezing Cloud by Vehumet.
 35750 | Orc:4    | Entered Level 4 of the Orcish Mines
 35756 | Orc:4    | Noticed vible's ghost (journeyman DDFi)
 36244 | D:12     | Got a transparent broad axe
 36245 | D:12     | Identified the cursed +0 broad axe of Revolt {freeze, MR+} (You found it on level 12 of the Dungeon)
 36443 | D:12     | Killed a five-headed hydra
 36443 | D:12     | Reached skill level 14 in Conjurations
 36982 | D:12     | Killed Azrael
 38401 | D:13     | Found a gate to the Vaults.
 38487 | D:13     | Reached ****** piety under Vehumet
 38603 | D:13     | Offered knowledge of Lehudib's Crystal Spear by Vehumet.
 38603 | D:13     | Offered knowledge of Fire Storm by Vehumet.
 38603 | D:13     | Offered knowledge of Shatter by Vehumet.
 39545 | D:14     | Got a sparkling iron ring
 39547 | D:14     | Identified the ring of Kikubaaqudgha's Pride {rPois rN+ Int+6 Stlth+} (You found it on level 14 of the Dungeon)
 40136 | D:15     | Entered Level 15 of the Dungeon
 41540 | D:15     | Found a staircase to the Depths.
 41580 | D:15     | Found a stormy altar of Qazlal.
 41756 | D:15     | Upgraded the game from 0.17-a0-2217-ga280b8d to 0.17-a0-2231-gd80ca38
 42330 | Orc:4    | Found a staircase to the Elven Halls.
 42331 | Orc:4    | Found a roughly hewn altar of Beogh.
 42565 | Orc:4    | Found Tiq Iguf's Assorted Antiques.
 42580 | Orc:4    | Bought a knobbly runed staff for 456 gold pieces
 42736 | Orc:4    | Found Zaonur's Jewellery Shop.
 42743 | Orc:4    | Found a roughly hewn altar of Beogh.
 42957 | Orc:4    | Reached skill level 15 in Conjurations
 42959 | Orc:4    | Reached XP level 17. HP: 122/122 MP: 19/35
 43477 | Orc:4    | Reached skill level 15 in Fire Magic
 43620 | Orc:4    | Found Maresyda's Antique Armour Shoppe.
 43621 | Orc:4    | Found a roughly hewn altar of Beogh.
 43623 | Orc:4    | Found Dukhleje's Antique Weapon Emporium.
 43680 | Orc:4    | Found a roughly hewn altar of Beogh.
 43784 | Orc:4    | Found a roughly hewn altar of Beogh.
 43811 | Orc:4    | Found a roughly hewn altar of Beogh.
 43812 | Orc:4    | Found Jobuis's Magic Scroll Shoppe.
 44068 | Orc:4    | Killed vible's ghost
 44389 | D:9      | Upgraded the game from 0.17-a0-2231-gd80ca38 to 0.18-a0
 44577 | Spider:1 | Entered Level 1 of the Spider Nest
 45665 | Spider:1 | Noticed Enroth's ghost (journeyman HOFi)
 45671 | Spider:1 | Killed Enroth's ghost
 45783 | Spider:1 | Reached skill level 15 in Spellcasting
 45858 | Spider:1 | Upgraded the game from 0.18-a0 to 0.18-a0-2-g0e512fa
 48217 | Shoals:1 | Entered Level 1 of the Shoals
 49400 | Shoals:1 | Reached skill level 16 in Conjurations
 49400 | Shoals:1 | Reached XP level 18. HP: 90/129 MP: 14/37
 52934 | Shoals:3 | Noticed Ordine's ghost (adept OgHu)
 54089 | Shoals:3 | Gained mutation: You are weak. (Str -2) [mutagenic glow]
 54164 | Shoals:3 | Gained mutation: You are frail (-10% HP). [mutagenic glow]
 55038 | Shoals:3 | Reached XP level 19. HP: 120/120 MP: 27/39
 55556 | Shoals:3 | Reached skill level 17 in Conjurations
 55589 | Shoals:4 | Entered Level 4 of the Shoals
 55589 | Shoals:4 | Noticed Kirke
 56105 | Shoals:4 | Noticed Ilsuiw
 56414 | Slime:1  | Entered Level 1 of the Pits of Slime
 56965 | Slime:2  | Noticed Dissolution
 56969 | Slime:2  | Killed Dissolution
 57313 | Slime:2  | Paralysed by a great orb of eyes for 2 turns
 58418 | D:9      | Lost mutation: You are weak. (Str -2) [potion of cure mutation]
 58418 | D:9      | Lost mutation: You are frail (-10% HP). [potion of cure mutation]
 58922 | Spider:3 | Noticed Agnes
 59578 | D:9      | Learned a level 9 spell: Fire Storm
 60295 | Shoals:4 | Killed Kirke
 60585 | Shoals:4 | Reached XP level 20. HP: 141/141 MP: 24/41
 60587 | Shoals:4 | Killed Ilsuiw
 60872 | Shoals:4 | Reached skill level 18 in Fire Magic
 61485 | Shoals:4 | Found Kaewatel's Food Boutique.
 62106 | Shoals:4 | Got a barnacled rune of Zot
 62980 | Elf:1    | Entered Level 1 of the Elven Halls
 63166 | Elf:1    | Found Yqoro's Book Emporium.
 64658 | Elf:2    | Found Bitij's Weapon Shop.
 65192 | Elf:2    | Reached XP level 21. HP: 106/147 MP: 21/43
 65451 | Elf:2    | Found a huge runed gate.
 65451 | Elf:2    | Found a huge runed gate.
 65452 | Elf:2    | Found a huge runed gate.
 65497 | Elf:2    | Found a huge runed gate.
 65500 | Elf:2    | Found a huge runed gate.
 66733 | Elf:3    | Entered Level 3 of the Elven Halls
 67434 | Elf:3    | Reached skill level 19 in Fire Magic
 67702 | Elf:3    | Cast into the Abyss (a deep elf sorcerer)
 67824 | Elf:3    | Escaped the Abyss
 68518 | Elf:3    | Reached XP level 22. HP: 153/153 MP: 17/44
 68920 | Elf:3    | Identified Gotsaxka's Tome of Torrid Confrontation (You found it on level 3 of the Elven Halls)
 69539 | Orc:4    | Bought an iridescent mace for 224 gold pieces
 69548 | Orc:4    | Identified the +4 mace "Zump" {speed, *Rage rN++ Str+4} (You bought it in a shop on level 4 of the Orcish Mines)
 69632 | Orc:1    | Bought a crude rapier for 225 gold pieces
 69632 | Orc:1    | Identified the cursed +1 rapier of Amortisation {freeze, rElec rPois MP+9 Str-2} (You bought it in a shop on level 1 of the Orcish Mines)
 70030 | Lair:7   | Got a slimy hunting sling
 70031 | Lair:7   | Identified the cursed +1 hunting sling of Jodeb {speed, Int+2} (You found it on level 7 of the Lair of Beasts)
 70270 | Spider:2 | Got an ancient hand crossbow
 70271 | Spider:2 | Identified the +10 hand crossbow of Massacring {flame, rPois rC+ Dex+2} (You found it on level 2 of the Spider Nest)
 71252 | Spider:3 | Killed Agnes
 71424 | Spider:3 | Noticed Asterion
 71426 | Spider:3 | Killed Asterion
 71439 | Spider:3 | Got a polished shield
 71445 | Spider:3 | Identified the +5 shield of the Accordion {Str+2} (You took it off Asterion on level 3 of the Spider Nest)
 72060 | Spider:4 | Entered Level 4 of the Spider Nest
 72550 | Spider:4 | Reached skill level 20 in Fire Magic
 74231 | Vaults:1 | Entered Level 1 of the Vaults
 74571 | Vaults:1 | Identified Ytteytag's Incunabulum of Envenoming and Attacks
 74926 | Vaults:1 | Reached XP level 23. HP: 159/159 MP: 18/46
 77714 | Vaults:2 | Found a staircase to the Crypt.
 78370 | Vaults:3 | Found a flickering gateway to a bazaar.
 78377 | Bazaar   | Entered a bazaar
 78377 | Bazaar   | Found Quaciu's Food Shoppe.
 78377 | Bazaar   | Found Engiac's Magic Scroll Emporium.
 78377 | Bazaar   | Found Guaduv's Magic Scroll Shoppe.
 78408 | Bazaar   | Bought a scroll of blinking for 82 gold pieces
 79176 | Vaults:3 | Found a glowing golden altar of the Shining One.
 79265 | Vaults:3 | Reached skill level 21 in Fire Magic
 79776 | Vaults:3 | Identified a cursed -2 rod of clouds (14/14) (You found it on level 3 of the Vaults)
 80534 | Vaults:4 | Reached XP level 24. HP: 73/165 MP: 34/47
 81042 | Vaults:4 | Noticed Mennas
 81043 | Vaults:4 | Killed Mennas
 81268 | Vaults:4 | Noticed Jorgrun
 81270 | Vaults:4 | Killed Jorgrun
 81317 | Vaults:4 | Noticed Mara
 81437 | Vaults:4 | Killed Mara
 83316 | Vaults:3 | Learned a level 8 spell: Lehudib's Crystal Spear
 84925 | Slime:4  | Reached XP level 25. HP: 171/171 MP: 41/47
 84934 | Slime:4  | Upgraded the game from 0.18-a0-2-g0e512fa to 0.18-a0-9-gd4dcb6f
 85686 | Slime:5  | Reached skill level 22 in Fire Magic
 87660 | Slime:6  | Entered Level 6 of the Pits of Slime
 88183 | Slime:6  | Noticed the royal jelly
 88590 | Slime:6  | Killed the royal jelly
 88691 | Slime:6  | Got an ichor-stained falchion
 88702 | Slime:6  | Identified the +11 falchion "Xuinuc" {venom, rPois rF- rC++ MP+9} (You found it on level 6 of the Pits of Slime)
 88761 | Slime:6  | Got a slimy rune of Zot
 88782 | Slime:6  | Identified the Disquisition on Battle Magic (You found it on level 6 of the Pits of Slime)
 88796 | Slime:6  | Got a brightly glowing jade amulet
 88831 | Slime:6  | Got a smoking dire flail
 88837 | Slime:6  | Identified the +3 dire flail of Baaff {speed, rN+ Dex+4} (You found it on level 6 of the Pits of Slime)
 88908 | Slime:6  | Identified Nupiat's Almanac of the Rocks and Enhancements
 88956 | Slime:6  | Identified the amulet "Acoitem" {Inacc rN+} (You found it on level 6 of the Pits of Slime)
 89062 | Slime:6  | Got an ancient flail
 89063 | Slime:6  | Identified the +5 flail of the Pits of Slime {flame, *Confuse rPois rC+ Str+2} (You found it on level 6 of the Pits of Slime)
 90219 | Spider:4 | Reached skill level 1 in Shields
 90554 | Spider:4 | Got a gossamer rune of Zot
 91154 | Depths:1 | Entered Level 1 of the Depths
 91968 | Depths:1 | Reached XP level 26. HP: 183/183 MP: 36/48
 92467 | Elf:1    | Bought a book of Power for 675 gold pieces
 92710 | D:9      | Learned a level 7 spell: Orb of Destruction
 93073 | Depths:1 | Found Pofochan's Distillery.
 93195 | Depths:1 | Reached skill level 10 in Fighting
 93299 | Depths:1 | Reached skill level 10 in Dodging
 93719 | Depths:1 | Found a gateway to Hell.
 96436 | Depths:2 | Found a one-way gate to the infinite horrors of the Abyss.
 96436 | Depths:2 | Found Captallaska's Weapon Shop.
 96701 | Depths:3 | Noticed Louise
 96705 | Depths:3 | Killed Louise
 97113 | Depths:3 | Found a one-way gate leading to the halls of Pandemonium.
 97115 | Depths:3 | Reached skill level 1 in Charms
 98043 | Depths:4 | Reached XP level 27. HP: 195/197 MP: 32/49
 98224 | Depths:4 | Found a gateway to a ziggurat.
 98228 | Depths:4 | Found Wuroudah's Distillery.
 99730 | Depths:4 | Reached skill level 5 in Charms
100404 | Depths:4 | Identified Isizeupi's Incunabulum of Mutagenic Companions
100973 | Depths:5 | Entered Level 5 of the Depths
102681 | Depths:5 | Found a gate to the Realm of Zot.
103987 | D:9      | Learned a level 6 spell: Haste
104344 | Vaults:5 | Entered Level 5 of the Vaults
104478 | Vaults:5 | Noticed armaa's ghost (veteran GrFi)
104515 | Vaults:5 | Mangled by a vault warden

Vault maps used:
D:1:      minmay_arrival_wavy_path, nicolae_ashenzari_panopticon
D:2:      ecumenical_altar_2, uniq_iyjb, uniq_sigmund
D:3:      okawaru_metal_pillars_1_2, first_bread
D:4:      grunt_dithmenos_shadows, minmay_temple_entry_statues, serial_shops,
          nicolae_shop_overgrown_old_shop, uniq_natasha
D:5:      nicolae_ru_the_path_less_chosen, uniq_edmund
D:6:      trog_ov_bears_minmay, serial_shops, shop
D:7:      nicolae_overflow_hidden_temple, grunt_ogre_cave, minmay_misc_feat_chi
D:8:      wad_woods_minihive
D:9:      wad_river_or_something, minmay_orc_keep
D:10:     corner_web_ring
D:11:     hiddenorc2_lemuel, portal_ice_cave_entry_pillars_02
D:12:     uniq_maud, uniq_azrael
D:13:     grunt_vaults_entry_tiered
D:14:     hangedman_decor_clover_reticule, minivault_27
D:15:     grunt_enter_depths_magical_seal, lemuel_tele_altar
Temple:   triangle_lava_temple_12
Lair:1:   special_room, lab_entry_generic, hangedman_lair_unloving_vines,
          serial_bayou_shore_b
Lair:2:   grunt_megastairs_2
Lair:3:   minmay_lair_oklob_chamber, small_statue_intersection
Lair:4:   lemuel_slime, beast_lair_carwin_1, lemuel_fruit_tree,
          grunt_megastairs_1
Lair:5:   wad_woods_pond, spider_nest_entry_funnel_web, beast_lair_carwin_11
Lair:6:   minmay_shoals_entry_lonely_mermaid, uniq_rupert
Lair:7:   minivault_25, infiniplex_staircase_pool
Lair:8:   hangedman_lair_caniforms_friends, hangedman_lair_in_review,
          slime_altar_1, minmay_stone_trees_small, serial_bayou_pond_a,
          serial_bayou_shore_b
Shoals:1: st_sunken_temple
Shoals:2: cheibrodos_shoals_oceanic_diplomacy
Shoals:3: nicolae_shoals_square_sea_wall, hangedman_shoals_cup_caves
Shoals:4: serial_shops, nicolae_shop_statue_plus, shoals_end_grunt_ice,
          shoal_ilsuiw, nicolae_shoals_aquamancer_cove, uniq_kirke
Spider:1: zaba_anthell
Spider:3: special_room, spiders_nest_ghost_moth_duel, uniq_asterion, uniq_agnes
Spider:4: grunt_spider_rune_parallel
Slime:2:  dissolution_awaits
Slime:3:  cheibrodos_slime_lost_civilization_4
Slime:4:  hangedman_slime_tunnels
Orc:1:    serial_shops, nicolae_shop_behind_doors, shop, shop
Orc:2:    basic_altar
Orc:3:    serial_shops, shop_scrolls, nicolae_orc_pool_cavern,
          minmay_orc_barracks
Orc:4:    grunt_orc_community_town_hall, grunt_orc_community_big_house_1,
          grunt_orc_community_big_house_1, grunt_orc_community_house_2,
          grunt_orc_community_house_2, grunt_orc_community_house_1,
          grunt_orc_community_house_3, serial_shops, nicolae_shop_waterfront
Elf:1:    eino_elf_arrival_shootout, serial_shops, shop,
          hangedman_elven_crosses_minicolossus, patterned_corridor
Elf:2:    serial_shops, shop, serial_sigils_hangedman_gut, st_stairs_12
Elf:3:    nooodl_elf_gasket
Vaults:1: vaults_mumra_minichess, nicolae_vaults_rhombus_7,
          hangedman_vaults_maws, ontoclasm_vaults_hangar, ontoclasm_vaults_eye,
          vaults_room_hallway, hangedman_vaults_stream,
          nicolae_vaults_yaktaur_gun_rack, hangedman_vaults_trim
Vaults:2: minmay_crypt_entry_skeletal_spiral, v_misc_27, v_rooms_5, v_misc_33,
          v_misc_25, nicolae_vaults_asterisk, v_misc_26,
          nicolae_vaults_little_squares_4, hangedman_vaults_stagger,
          hangedman_vaults_restitches, st_cells, ontoclasm_vaults_ring_large,
          grunt_vaults_diagonal
Vaults:3: vaults_room_pool, vaults_standard_mumra_x, v_misc_12,
          vaults_room_hangedman_quadrants, nicolae_vaults_three_branches,
          v_pattern_2, vaults_mumra_lcd, nicolae_vaults_sealed_display,
          vaults_room_pool, v_misc_10, serial_shops, freezing_bzr, basic_altar
Vaults:4: v_pattern_5, ontoclasm_vaults_ligature, nicolae_vaults_quadrants,
          nicolae_vaults_ninety_degrees, v_misc_29, v_misc_1, v_misc_18,
          vaults_room_door_ring, v_misc_5, vaults_room_pools, uniq_jorgrun,
          uniq_mennas, uniq_mara
Depths:1: hell_entry, spider_trap, kennysheep_windowed_goal
Depths:2: minmay_quarter_circles, grunt_decor_fettered, serial_shops, shop,
          pf_dread_powers_of_hell, abyss_entry, nrook_loot_triangle
Depths:3: constructs_gauntlet_mu_hangedman, hell_entry, rand_demon_pan_entry_7,
          minmay_misc_feat_encased, nicolae_abyss_entry_one_way_or_another,
          lemuel_old_faithful, infiniplex_staircase_zigzag_2
Depths:4: evilmike_hourglass, enter_ziggurat_c, hell_entry, abyss_entry_crystal,
          serial_shops, nicolae_shop_crystal
Depths:5: grunt_zot_entry_gee_three, hell_entry, minmay_room_of_horrors,
          pan_entry
Lab:      labyrinth_mini_lab, labyrinth_skeletal_remains, nicolae_lab_big_swirl,
          lab_block
Bazaar:   bazaar_minmay_row
IceCv:    ice_cave_small_demon

Action                   |  1- 3 |  4- 6 |  7- 9 | 10-12 | 13-15 | 16-18 | 19-21 | 22-24 | 25-27 || total
-------------------------+-------+-------+-------+-------+-------+-------+-------+-------+-------++-------
Melee: Unarmed           |     8 |       |       |       |       |       |       |       |       ||     8
       Dagger            |     3 |    56 |   141 |       |       |       |       |       |       ||   200
       Lajatang          |       |       |    60 |   150 |   363 |   219 |    24 |     7 |     1 ||   824
       Staff             |       |       |       |       |       |       |       |    40 |    22 ||    62
 Fire: Blowgun           |       |    11 |    57 |    33 |    11 |       |     2 |       |       ||   114
 Cast: Magic Dart        |    36 |   168 |   225 |    56 |     6 |     9 |       |       |       ||   500
       Call Imp          |     5 |     7 |     6 |       |       |     2 |       |       |       ||    20
       Repel Missiles    |     1 |       |     1 |     1 |     1 |     4 |     2 |     1 |     2 ||    13
       Mephitic Cloud    |       |    14 |    33 |    37 |     8 |       |       |       |       ||    92
       Conjure Flame     |       |     7 |    18 |    24 |     4 |     4 |       |     1 |       ||    58
       Throw Flame       |       |       |       |   265 |   372 |   235 |    32 |    49 |    25 ||   978
       Fireball          |       |       |       |    64 |   192 |   273 |   248 |   282 |   173 ||  1232
       Blink             |       |       |       |     7 |     4 |    11 |     2 |     9 |     8 ||    41
       Bolt of Fire      |       |       |       |    44 |   100 |   224 |   171 |   221 |   280 ||  1040
       Iron Shot         |       |       |       |       |     1 |    26 |    33 |    18 |   145 ||   223
       Fire Storm        |       |       |       |       |       |       |    23 |    74 |    64 ||   161
       Lehudib's Crystal |       |       |       |       |       |       |       |     1 |       ||     1
       Orb of Destructio |       |       |       |       |       |       |       |       |    25 ||    25
       Haste             |       |       |       |       |       |       |       |       |     1 ||     1
Evoke: Wand              |       |       |       |       |     2 |     1 |       |     2 |     6 ||    11
  Use: Potion            |     1 |     1 |       |     4 |     3 |     3 |     2 |     6 |     2 ||    22
       Scroll            |       |     9 |     4 |    10 |    13 |    10 |     3 |    13 |    12 ||    74
 Stab: Confused          |       |       |     8 |     4 |       |       |       |       |       ||    12
       Sleeping          |       |       |     3 |       |       |       |       |       |       ||     3
       Distracted        |       |       |     1 |       |     1 |       |       |       |       ||     2
       Invisible         |       |       |       |       |     1 |       |       |       |       ||     1
       Held in net/web   |       |       |       |       |       |     1 |       |       |       ||     1
  Eat: Chunk             |     2 |    12 |    14 |    37 |    70 |    47 |    30 |    49 |    41 ||   302
       Beef jerky        |       |     1 |     3 |     4 |     5 |     1 |     2 |       |     1 ||    17
       Fruit             |       |     1 |       |       |    12 |     1 |     6 |    10 |     4 ||    34
       Bread ration      |       |       |       |     2 |       |     2 |     1 |       |     2 ||     7
       Meat ration       |       |       |       |     1 |       |     7 |     2 |     4 |     4 ||    18
       Pizza             |       |       |       |       |     4 |       |     1 |       |     1 ||     6
       Royal jelly       |       |       |       |       |     2 |     1 |     2 |     1 |     1 ||     7
